 Dungeon Crawl Stone Soup version 0.28-b1-25-g9875b3fc8c (webtiles) character file.

Game seed: 17500271801256157014

52 crazypyro the Slasher (level 3, -1/27 HPs)
             Began as a Demonspawn Gladiator on Jan 31, 2022.
             Slain by a black bear (3 damage)
             ... on level 2 of the Dungeon.
             The game lasted 00:01:55 (1427 turns).

crazypyro the Slasher (Demonspawn Gladiator)        Turns: 1427, Time: 00:01:56

Health: -1/27      AC:  5    Str: 16    XL:     3   Next: 60%
Magic:  3/3        EV: 12    Int:  9    God:
Gold:   49         SH:  0    Dex: 14    Spells: 2/2 levels left

rFire   . . .      SeeInvis .   a - +0 long sword
rCold   . . .      Faith    .   (no shield)
rNeg    . . .      Spirit   .   b - +0 leather armour
rPois   .          Reflect  .   c - +0 helmet
rElec   .          Harm     .   (no cloak)
rCorr   .          Rampage  .   (no gloves)
Will    .....                   g - +0 pair of boots
Stlth   +.........              (no amulet)
HPRegen 0.09/turn               (no ring)
MPRegen 0.08/turn               (no ring)

@: no status effects
A: claws 1
a: no special abilities


You were on level 2 of the Dungeon.
You visited 1 branch of the dungeon, and saw 2 of its levels.

You collected 49 gold pieces.

Inventory:

Hand Weapons
 a - a +0 long sword (weapon)
Missiles
 d - 3 throwing nets (quivered)
Armour
 b - a +0 leather armour (worn)
 c - a +0 helmet (worn)
 g - a +0 pair of boots (worn)
Scrolls
 e - a scroll of teleportation {unknown}
 f - a scroll of immolation {unknown}
 i - a scroll of identify {unknown}
 j - a scroll of torment {unknown}
 l - a scroll of noise {unknown}
Potions
 h - 2 potions of mutation {unknown}
 k - a potion of cancellation {unknown}


   Skills:
 - Level 2.0 Fighting
 - Level 3.3 Long Blades
 - Level 1.7 Throwing
 + Level 0.5 Armour
 + Level 2.8 Dodging
 * Level 1.8 Unarmed Combat


You had 2 spell levels left.
You didn't know any spells.
Your spell library was empty.

Dungeon Overview and Level Annotations

Branches:
Dungeon (2/15)

Altars:
Ru

Shops:
D:1 =


Innate Abilities, Weirdness & Mutations

You have sharp fingernails.


Message History

You see here 4 gold pieces.
The black bear bites you but does no damage.
The black bear barely misses you. x2
You hit the black bear but do no damage.
The black bear bites you. The black bear claws you. x2
You slash the black bear!
The black bear is moderately wounded.
The black bear bites you.
The black bear claws you but does no damage. x2
You slash the black bear!
The black bear is severely wounded.
The black bear barely misses you. x2; The black bear closely misses you.
You hit the black bear.
The black bear is severely wounded.
The black bear bites you. The black bear barely misses you. x2
You are too injured to fight recklessly!
You are too injured to fight recklessly!
You are too injured to fight recklessly!
You hit the black bear.
The black bear is almost dead.
The black bear goes berserk!
The black bear bites you but does no damage.
The black bear barely misses you.
The black bear claws you but does no damage.
You hit the black bear.
The black bear is almost dead.
The black bear bites you but does no damage.
The black bear closely misses you. The black bear completely misses you.
You hit the black bear.
The black bear is almost dead.
The black bear completely misses you. The black bear barely misses you.
The black bear claws you but does no damage.
The black bear bites you but does no damage.
The black bear misses you. x2
You barely miss the black bear.
The black bear is almost dead.
The black bear bites you!
* * * LOW HITPOINT WARNING * * *
The black bear closely misses you. The black bear claws you.
You die...

###### # # ### # ###
# #.. . ..# #.#
#.#.# #.#####.#.# #
#..†....#.######.#.#
#.#####............#
#####.##
#...$.@h...#
.....#.#
###.########
#####.#######.#
#.........#
###########


You could see a black bear (berserk).

Vanquished Creatures
  An adder (D:2)
  A worm (D:2)
  3 dart slugs
  6 endoplasms
  2 giant cockroaches
  A goblin (D:1)
  4 hobgoblins (D:1)
  3 ball pythons
  3 bats
  2 frilled lizards (D:1)
  3 kobolds (D:1)
  3 rats
32 creatures vanquished.

Notes
Turn   | Place    | Note
-------+----------+-------------------------------------------
     0 | D:1      | crazypyro the Demonspawn Gladiator began the quest for the
                  | Orb.
     0 | D:1      | Reached XP level 1. HP: 16/16 MP: 1/1
    47 | D:1      | Found Gyfrumm's Jewellery Shoppe.
   188 | D:1      | Reached skill level 3 in Long Blades
   198 | D:1      | Gained mutation: You have sharp fingernails. [demonic
                  | ancestry]
   198 | D:1      | Reached XP level 2. HP: 22/22 MP: 2/2
   693 | D:1      | Reached skill level 1 in Unarmed Combat
   694 | D:1      | Found a sacrificial altar of Ru.
  1009 | D:2      | Reached XP level 3. HP: 24/27 MP: 3/3
  1416 | D:2      | Noticed a black bear
  1427 | D:2      | Slain by a black bear

Illustrated notes

Levels and vault maps discovered:
D:1:      evilmike_arrival_plus, layout_loops_ring, serial_shops,
          nicolae_diamond_shop, kennysheep_flooded_box
D:2:      layout_loops_ring

Skill      XL: |  1  2 |
---------------+-------+-----
Long Blades    | 3 |  3.3
Unarmed Combat | 1 |  1.8
Fighting       | |  2.0
Throwing       | |  1.7
Armour         | |  0.5
Dodging        | |  2.8

Action                   || total
-------------------------++-------
Melee: Long sword        ||   100
       Punch             ||     2
Armor: Leather armour    ||    41
Dodge: Dodged            ||    80
